 Dungeon Crawl Stone Soup version 0.20.0-8-g6b59dc7 (webtiles) character file.

288 mike2R the Bolt Thrower (level 6, -1/47 HPs)
             Began as a Centaur Arcane Marksman on May 30, 2017.
             Slain by a sky beast (6 damage)
             ... on level 4 of the Dungeon.
             The game lasted 00:27:36 (3883 turns).

mike2R the Bolt Thrower (Centaur Arcane Marksman)   Turns: 3883, Time: 00:27:37

Health: -1/47      AC:  4    Str: 14    XL:     6   Next: 9%
Magic:  2/7        EV:  9    Int: 12    God:
Gold:   206        SH:  0    Dex: 10    Spells: 1/7 levels left

rFire    . . .     SeeInvis .   a - +0 hand crossbow
rCold    . . .     Gourm    .   (no shield)
rNeg     . . .     Faith    .   k - +0 leather armour
rPois    .         Spirit   .   (no helmet)
rElec    .         Reflect  .   (no cloak)
rCorr    .         Harm     .   (no gloves)
MR       .....                  (no barding)
Stlth    ++........             (no amulet)
Regen    0.2/turn               u - ring of wizardry
MPRegen  0.1/turn               y - ring of stealth

@: very slightly contaminated, very quick
A: hooves 3, deformed body, speed 2, tough skin 3
a: no special abilities


You were on level 4 of the Dungeon.
You were very hungry.

You visited 1 branch of the dungeon, and saw 4 of its levels.

You collected 206 gold pieces.

Inventory:

Hand Weapons
 a - a +0 hand crossbow (weapon)
 b - a +0 rapier
 B - a +0 short sword
 C - a cursed -2 whip
 E - a +0 trident
Missiles
 d - 29 bolts (quivered)
Armour
 e - a +0 robe
 k - a +0 leather armour (worn)
 w - a +0 robe of cold resistance
 A - a +0 plate armour
 D - a +0 ring mail
Jewellery
 u - a ring of wizardry (left hand)
 y - a ring of stealth (right hand)
Wands
 q - a wand of random effects (47/48)
Scrolls
 h - a scroll of recharging
 i - a scroll of blinking {unknown}
 j - a scroll of teleportation {unknown}
 l - a scroll of immolation {unknown}
 m - a scroll of enchant weapon {unknown}
 p - a scroll of remove curse
 F - a scroll of amnesia {unknown}
Potions
 g - a potion of brilliance
 n - a potion of magic {unknown}
 r - a potion of agility {unknown}
 s - a potion of curing {unknown}
 t - a potion of flight {unknown}
 v - a potion of heal wounds {unknown}
 z - a potion of ambrosia {unknown}
Books
 c - a book of Debilitation

   Spells                             Type                      Level
   a - Corona                         Hexes                        1
   b - Slow                           Hexes                        2
   c - Inner Flame                    Hexes/Fire                   3
   d - Portal Projectile              Hexes/Translocation          3
   e - Cause Fear                     Hexes                        4
   f - Leda's Liquefaction            Hexes/Earth                  4
Comestibles
 f - 3 bread rations
 o - a royal jelly


   Skills:
 - Level 1.0 Fighting
 + Level 5.2 Crossbows
 - Level 1.3 Dodging
 + Level 1.1 Spellcasting
 + Level 4.7 Hexes


You had one spell level left.
You knew the following spells:

 Your Spells              Type           Power        Failure   Level  Hunger
a - Corona                Hex            ##.....      2%          1    ##.....
b - Slow                  Hex            ##......     3%          2    ###....
c - Portal Projectile     Hex/Tloc       #.....       17%         3    ####...


Dungeon Overview and Level Annotations

Branches:
Dungeon (4/15)
 Temple: D:4-7

Altars:
Cheibriados
Vehumet


Innate Abilities, Weirdness & Mutations

You have hooves in place of feet.
Armour fits poorly on your strangely shaped body.
You cover ground very quickly.
You have extremely tough skin. (AC +3)


Message History

Press: ? - help, Shift-Dir - straight line, f/p - sky beast
Aim: a sky beast (severely wounded, softly glowing)
You shoot a bolt. The bolt hits the sky beast!
The sky beast is almost dead.
The sky beast stops glowing.
The sky beast hits you. The sky beast shocks you.
* * * LOW HITPOINT WARNING * * *
The sky beast barely misses you.
Firing (i - inventory):
d - 31 bolts (quivered)
Press: ? - help, Shift-Dir - straight line, f/p - sky beast
Aim: a sky beast (almost dead)
You shoot a bolt. The bolt closely misses the sky beast.
The sky beast closely misses you.
Firing (i - inventory):
d - 30 bolts (quivered)
Press: ? - help, Shift-Dir - straight line, f/p - sky beast
Aim: a sky beast (almost dead)
You shoot a bolt. The bolt closely misses the sky beast.
The sky beast hits you.
* * * LOW HITPOINT WARNING * * *
The sky beast shocks you.
You die...

...# .....<$## ##.##
#.......# ##...##
#.......#
##.....###.......#
#.......##.......#
.(.._.....###.##
#.......#..[...##
##.....####...(.#####
. ##...##
#..##Y@...#...# ##.##
#...####<.....# #.#
.....# #.####... #.#
#.#...# #.#
#.....##... ..# ##
#.#. .## .# . #.


You could see a sky beast.

Vanquished Creatures
  3 orc priests (D:3)
  Jessica (D:2)
  A worker ant (D:3)
  7 adders
  2 worms (D:2)
  5 dart slugs
  2 leopard geckos (D:1)
  5 orcs (D:3)
  3 giant cockroaches (D:1)
  A goblin (D:1)
  8 hobgoblins
  3 quokkas
  A ball python (D:2)
  10 bats
  5 frilled lizards
  8 kobolds
  9 rats
74 creatures vanquished.

Notes
Turn   | Place    | Note
-------+----------+-------------------------------------------
     0 | D:1      | mike2R the Centaur Arcane Marksman began the quest for the Orb.
     0 | D:1      | Reached XP level 1. HP: 16/16 MP: 2/2
   315 | D:1      | Reached XP level 2. HP: 8/23 MP: 1/3
   656 | D:1      | Found a snail-covered altar of Cheibriados.
   740 | D:1      | Learned a level 2 spell: Slow
  1141 | D:2      | Reached skill level 3 in Crossbows
  1179 | D:2      | Reached XP level 3. HP: 23/28 MP: 2/4
  1388 | D:2      | Noticed Jessica
  1411 | D:2      | Killed Jessica
  1411 | D:2      | Reached XP level 4. HP: 20/35 MP: 3/5
  2220 | D:3      | Reached skill level 4 in Crossbows
  2551 | D:3      | Reached XP level 5. HP: 40/40 MP: 6/6
  2572 | D:3      | Learned a level 3 spell: Portal Projectile
  2719 | D:3      | Found a glowing drain.
  3254 | D:3      | Reached skill level 5 in Crossbows
  3420 | D:3      | Reached XP level 6. HP: 47/47 MP: 4/7
  3840 | D:4      | Found a radiant altar of Vehumet.
  3847 | D:4      | Noticed a sky beast
  3883 | D:4      | Slain by a sky beast

Skill      XL: |  1  2  3  4  5 |
---------------+----------------+-----
Hexes          | 3 4 |  4.7
Crossbows      | 3 4 5 |  5.2
Fighting       | |  1.0
Dodging        | |  1.3
Spellcasting   | |  1.1

Action                   |  1- 3 |  4- 6 || total
-------------------------+-------+-------++-------
Melee: Short sword       |    43 |    57 ||   100
       Kick              |    10 |     8 ||    18
       Unarmed           |     4 |       ||     4
       Rapier            |       |     8 ||     8
 Fire: Hand crossbow     |    41 |    79 ||   120
 Cast: Corona            |    28 |    47 ||    75
       Slow              |     1 |     1 ||     2
       Portal Projectile |       |     3 ||     3
Evoke: Wand              |       |     1 ||     1
  Use: Scroll            |       |     2 ||     2
       Potion            |       |     1 ||     1
  Eat: Chunk             |     2 |     8 ||    10
Armor: Leather armour    |    24 |    41 ||    65
       Robe              |     5 |       ||     5
Dodge: Dodged            |    40 |    53 ||    93
